[Event "GER-ch Youth U12W 2020"]
[Site "Willingen"]
[Date "2020.10.31"]
[Round "7.8"]
[White "Rodermel, Leonie"]
[Black "Petrosyan, Ani"]
[Result "1/2-1/2"]
[ECO "B18"]
[WhiteElo "1370"]
[BlackElo "1370"]
[Annotator "NA RC"]
[PlyCount "115"]
[EventDate "2020.10.27"]
[EventType "swiss"]
[EventRounds "7"]
[EventCountry "GER"]
[SourceTitle "playchess.com"]
[Source "ChessBase"]
[SourceQuality "1"]
[TimeControl "40/5400+30:1800+30"]

1. e4 c6 2. d4 d5 3. Nc3 dxe4 4. Nxe4 Bf5 5. Ng3 Bg6 6. h4 h6 7. Nf3 Nf6 8. h5 Bh7 9. Bd3 Bxd3 10. Qxd3 e6 11. Bd2 Qc7 12. O-O-O Nbd7 13. Ne4 O-O-O 14. g3 Nxe4 15. Qxe4 Nf6 16. Qe2 Bd6 17. Kb1 c5 18. c3 Kb8 19. dxc5 Qxc5 20. Be3 Qc7 21. Rxd6 Rxd6 22. Bf4 Ka8 23. Bxd6 Qxd6 24. Ne5 Qc7 25. Rd1 Nd5 26. g4 f6 27. Ng6 Rd8 28. Ka1 Ne7 29. Rxd8+ Qxd8 30. Nxe7 Qxe7 31. Qd3 f5 32. f3 fxg4 33. fxg4 Qg5 34. Qe4 Qc1+ 35. Qb1 Qxb1+ 36. Kxb1 Kb8 37. Kc2 Kc7 38. Kd3 Kc6 39. Kd4 Kd6 40. Ke4 e5 41. a4 Ke6 42. c4 Kd6 43. Kf5 b6 44. b4 a5 45. bxa5 bxa5 46. Ke4 Kc5 47. Kxe5 Kxc4 48. Kf5 Kb4 49. Kg6 Kxa4 50. Kxg7 Kb4 51. Kxh6 a4 52. g5 a3 53. g6 a2 54. g7 a1=Q 55. g8=Q Qf6+ 56. Qg6 Qf4+ 57. Qg5 Qf8+ 58. Qg7 1/2-1/2

[Event "GER-ch Youth U12W 2020"]
[Site "Willingen"]
[Date "2020.10.31"]
[Round "7.9"]
[White "Jacobasch, Ronja"]
[Black "Czäczine, Laura"]
[Result "1-0"]
[ECO "A08"]
[WhiteElo "1549"]
[BlackElo "1309"]
[Annotator "NA RC"]
[PlyCount "107"]
[EventDate "2020.10.27"]
[EventType "swiss"]
[EventRounds "7"]
[EventCountry "GER"]
[SourceTitle "playchess.com"]
[Source "ChessBase"]
[SourceQuality "1"]
[TimeControl "40/5400+30:1800+30"]

1. Nf3 d5 2. g3 c5 3. Bg2 Nc6 4. d3 e5 5. O-O h5 6. Nbd2 Be7 7. e4 h4 8. Re1 hxg3 9. fxg3 Bg4 10. exd5 Qxd5 11. Nc4 Qe6 12. Qd2 Bxf3 13. Bxf3 Nd4 14. Bxb7 Rb8 15. Bg2 f6 16. c3 Nf5 17. Qc2 Kf8 18. Rf1 Nd6 19. Nxd6 Bxd6 20. Qa4 Qf7 21. Qc6 Rd8 22. Be3 Ne7 23. Qb7 Qh5 24. h3 Qg6 25. Bf2 Nf5 26. Qe4 Qg5 27. h4 Qg6 28. Bh3 Nxh4 29. Qxg6 Nxg6 30. Bg2 Be7 31. Be4 Kf7 32. a3 a5 33. c4 Nf8 34. Be1 Ra8 35. Bxa8 g5 36. Bxa5 Kg6 37. Be4+ Kh5 38. Kg2 Rg8 39. Bf5 g4 40. b4 Kh6 41. b5 Bd6 42. Bd2+ Kg7 43. a4 Kf7 44. a5 Ne6 45. Bxe6+ Kxe6 46. a6 Ra8 47. b6 Kd7 48. Rxf6 e4 49. b7 Ra7 50. Bf4 Kc7 51. Bxd6+ Kd7 52. b8=Q Rxa6 53. Qb7+ Kd8 54. Rf8# 1-0

[Event "GER-ch Youth U12W 2020"]
[Site "Willingen"]
[Date "2020.10.31"]
[Round "7.10"]
[White "Cerkez, Lorena"]
[Black "Stepanjan, Marianne"]
[Result "1-0"]
[ECO "B23"]
[WhiteElo "1258"]
[BlackElo "1351"]
[Annotator "NA RC"]
[PlyCount "111"]
[EventDate "2020.10.27"]
[EventType "swiss"]
[EventRounds "7"]
[EventCountry "GER"]
[SourceTitle "playchess.com"]
[Source "ChessBase"]
[SourceQuality "1"]
[TimeControl "40/5400+30:1800+30"]

1. e4 c5 2. Nc3 d6 3. f4 Nd7 4. Nf3 e6 5. Bb5 a6 6. Bxd7+ Bxd7 7. O-O Nf6 8. d3 Be7 9. h3 O-O 10. Be3 Bc6 11. Ne2 b5 12. c3 Nd7 13. Nd2 a5 14. a3 Qc7 15. d4 Nf6 16. Ng3 Qb7 17. Qc2 Rfe8 18. Rfe1 Bf8 19. Bf2 b4 20. Nf3 b3 21. Qb1 Nd7 22. Nd2 e5 23. d5 Ba4 24. f5 Nf6 25. Qd1 g6 26. Be3 Bg7 27. Qf3 Rec8 28. c4 Bd7 29. Bg5 a4 30. h4 h6 31. Bxf6 Be8 32. Bxg7 Kxg7 33. f6+ Kh7 34. h5 g5 35. Nf5 Bd7 36. Nxd6 g4 37. Qe3 Qb6 38. Nxc8 Rxc8 39. Rf1 Rg8 40. Qg3 Rg5 41. Qh4 Qa5 42. Rad1 g3 43. Rf5 Bxf5 44. exf5 Qd8 45. Ne4 Rg8 46. Rd3 Qd7 47. Rxg3 Qe8 48. Rxg8 Qxg8 49. Qg3 Qxg3 50. Nxg3 e4 51. Nxe4 Kh8 52. d6 Kg8 53. d7 Kh7 54. Kf2 Kh8 55. d8=Q+ Kh7 56. Qe7 1-0

[Event "GER-ch Youth U12W 2020"]
[Site "Willingen"]
[Date "2020.10.31"]
[Round "7.11"]
[White "Reich, Elisabeth"]
[Black "Moldovan, Stela"]
[Result "1-0"]
[ECO "B28"]
[WhiteElo "1128"]
[BlackElo "1219"]
[Annotator "NA RC"]
[PlyCount "149"]
[EventDate "2020.10.27"]
[EventType "swiss"]
[EventRounds "7"]
[EventCountry "GER"]
[SourceTitle "playchess.com"]
[Source "ChessBase"]
[SourceQuality "1"]
[TimeControl "40/5400+30:1800+30"]

1. e4 c5 2. Nf3 a6 3. d3 Nc6 4. Nbd2 e6 5. g3 g6 6. Bg2 Bg7 7. O-O Nge7 8. c3 O-O 9. Nb3 b6 10. Bf4 Bb7 11. Qd2 d5 12. Qd1 e5 13. Bc1 dxe4 14. dxe4 f5 15. exf5 Nxf5 16. Ng5 Qe7 17. Bd5+ Kh8 18. Ne6 Rfe8 19. Qf3 c4 20. Nd2 Rac8 21. Nxc4 Na5 22. Bxb7 Nxb7 23. Nxg7 Nxg7 24. Ne3 Nd6 25. Rd1 e4 26. Qe2 Nf7 27. Qxa6 Qe6 28. Qe2 Ne5 29. Kg2 Nf3 30. h3 Ng5 31. Qg4 Qf6 32. Nd5 Qf3+ 33. Qxf3 exf3+ 34. Kh2 Ne4 35. Be3 b5 36. Nb4 Rcd8 37. Bd4 Kg8 38. Bxg7 Kxg7 39. Kg1 Ng5 40. h4 Nh3+ 41. Kf1 Ra8 42. Rd3 Rf8 43. Re1 g5 44. hxg5 Nxg5 45. Re5 h6 46. Rxb5 Rad8 47. Rxd8 Rxd8 48. Rd5 Re8 49. Rd2 Kf6 50. a4 Ra8 51. Nc6 Rxa4 52. Rd1 Ra2 53. Rb1 Ra6 54. Nd4 Nh3 55. Nxf3 Kg6 56. Kg2 Ng5 57. Nxg5 Kxg5 58. b4 Kf5 59. b5 Rb6 60. c4 Ke6 61. c5 Rb8 62. Rh1 Rh8 63. b6 Kd7 64. b7 Kc7 65. c6 Kb8 66. Ra1 Kc7 67. Ra8 Rb8 68. Rxb8 Kxb8 69. f4 Kc7 70. f5 Kxc6 71. b8=Q Kc5 72. f6 h5 73. f7 h4 74. f8=Q+ Kc6 75. Qfd6# 1-0

[Event "GER-ch Youth U12W 2020"]
[Site "Willingen"]
[Date "2020.10.31"]
[Round "7.12"]
[White "Steinlechner, Katja"]
[Black "Siegel, Irene"]
[Result "1/2-1/2"]
[ECO "D60"]
[WhiteElo "1366"]
[BlackElo "1380"]
[Annotator "NA RC"]
[PlyCount "101"]
[EventDate "2020.10.27"]
[EventType "swiss"]
[EventRounds "7"]
[EventCountry "GER"]
[SourceTitle "playchess.com"]
[Source "ChessBase"]
[SourceQuality "1"]
[TimeControl "40/5400+30:1800+30"]

1. d4 d5 2. c4 e6 3. Nc3 Nf6 4. Bg5 Be7 5. e3 O-O 6. Nf3 Nbd7 7. cxd5 exd5 8. Bd3 b6 9. O-O Bb7 10. Qc2 h6 11. Bh4 c5 12. Rad1 c4 13. Bf5 a6 14. Ne5 b5 15. a3 Re8 16. f4 Nf8 17. Rf3 Bc8 18. Bh3 Bxh3 19. Rxh3 N8d7 20. Rf1 Nf8 21. Bxf6 Bxf6 22. g4 Bh4 23. Nxd5 Qxd5 24. Rxh4 Qd8 25. g5 hxg5 26. Rh8+ Kxh8 27. Nxf7+ Kg8 28. Nxd8 Raxd8 29. fxg5 Rxe3 30. Qf2 Re7 31. d5 Rde8 32. d6 Rd7 33. h4 Ne6 34. g6 Rf8 35. Qg3 Rdd8 36. Rxf8+ Rxf8 37. d7 Nd4 38. Qd6 Ne2+ 39. Kh2 Rf2+ 40. Kh3 Rf8 41. d8=Q Nf4+ 42. Qxf4 Rxd8 43. Qf7+ Kh8 44. h5 Rg8 45. h6 a5 46. h7 Rd8 47. Qc7 Re8 48. Qxa5 b4 49. Qxb4 c3 50. Qxc3 Re3+ 51. Qxe3 1/2-1/2

[Event "GER-ch Youth U12W 2020"]
[Site "Willingen"]
[Date "2020.10.31"]
[Round "7.13"]
[White "Glotz, Diana"]
[Black "Margaryan, Venera"]
[Result "0-1"]
[ECO "D35"]
[WhiteElo "1098"]
[BlackElo "1457"]
[Annotator "NA RC"]
[PlyCount "154"]
[EventDate "2020.10.27"]
[EventType "swiss"]
[EventRounds "7"]
[EventCountry "GER"]
[SourceTitle "playchess.com"]
[Source "ChessBase"]
[SourceQuality "1"]
[TimeControl "40/5400+30:1800+30"]

1. c4 e6 2. Nc3 d5 3. cxd5 exd5 4. d4 Nf6 5. Bg5 Be7 6. e3 c6 7. Bd3 Be6 8. Nge2 Qc8 9. O-O Bf5 10. f3 Qe6 11. Ng3 Bxd3 12. Qxd3 h6 13. Bxf6 Bxf6 14. Rfe1 O-O 15. e4 dxe4 16. Rxe4 Qd7 17. Rg4 Rd8 18. Rd1 c5 19. d5 Nc6 20. Qb1 Bd4+ 21. Kf1 Ne7 22. a3 Nxd5 23. Nxd5 Qxd5 24. b3 Qc6 25. a4 Qa6+ 26. Ne2 Re8 27. Re4 Rxe4 28. Qxe4 Kf8 29. Qd3 Qxd3 30. Rxd3 Rd8 31. Nxd4 cxd4 32. Ke2 Ke7 33. Rd1 Ke6 34. Kd3 Kd5 35. Rc1 Rd7 36. Rc4 Ke5 37. g3 g5 38. Rc5+ Rd5 39. Rc7 a6 40. b4 b5 41. a5 Rd6 42. Rc5+ Kf6 43. Ke4 d3 44. Rc1 d2 45. Rd1 Ke6 46. Ke3 Ke5 47. f4+ gxf4+ 48. gxf4+ Kf5 49. h3 f6 50. Rxd2 Rxd2 51. Kxd2 Kxf4 52. Kd3 f5 53. Kd4 Kg3 54. Kc5 f4 55. Kb6 f3 56. Kxa6 f2 57. Kb7 f1=Q 58. a6 Qf3+ 59. Kb6 Qa8 60. Kxb5 Kxh3 61. Ka5 Kg3 62. b5 h5 63. b6 h4 64. b7 Qa7 65. Kb5 h3 66. Kc6 Qxa6+ 67. Kc7 Qxb7+ 68. Kxb7 h2 69. Kb6 h1=Q 70. Kc5 Qe4 71. Kd6 Kf4 72. Kd7 Qe5 73. Kc6 Ke4 74. Kb6 Qd5 75. Ka6 Kd4 76. Kb6 Qc5+ 77. Ka6 Qb4 0-1

[Event "GER-ch Youth U12W 2020"]
[Site "Willingen"]
[Date "2020.10.31"]
[Round "7.14"]
[White "Eichhorn, Mathilda"]
[Black "Pröttel, Ela"]
[Result "1/2-1/2"]
[ECO "B01"]
[WhiteElo "1560"]
[BlackElo "1229"]
[Annotator "NA RC"]
[PlyCount "88"]
[EventDate "2020.10.27"]
[EventType "swiss"]
[EventRounds "7"]
[EventCountry "GER"]
[SourceTitle "playchess.com"]
[Source "ChessBase"]
[SourceQuality "1"]
[TimeControl "40/5400+30:1800+30"]

1. e4 d5 2. exd5 Qxd5 3. Nc3 Qa5 4. d4 Nf6 5. Bc4 Nc6 6. Bd2 Nxd4 7. Nb5 Qb6 8. Be3 c5 9. Bxd4 cxd4 10. Qxd4 Qxd4 11. Nxd4 a6 12. f3 b5 13. Bd3 Bb7 14. O-O-O e6 15. Nge2 Bc5 16. Kb1 O-O 17. Nb3 Bb6 18. Rhe1 Rac8 19. Ng3 Rfd8 20. Ne4 Nd5 21. Ng3 Nf4 22. Rd2 Nxd3 23. Rxd3 Rxd3 24. cxd3 Kf8 25. Ne4 Bxe4 26. dxe4 Ke7 27. Rd1 a5 28. Nd4 Bxd4 29. Rxd4 Rd8 30. Rxd8 Kxd8 31. Kc2 e5 32. Kc3 g6 33. b3 Kd7 34. g4 g5 35. h3 Kc6 36. a3 h6 37. b4 a4 38. Kd3 Kd6 39. Ke3 Ke6 40. Kf2 Kf6 41. Kg3 Kg6 42. Kg2 h5 43. Kg3 hxg4 44. hxg4 f6 1/2-1/2

[Event "GER-ch Youth U12W 2020"]
[Site "Willingen"]
[Date "2020.10.31"]
[Round "7.15"]
[White "Flierl, Veronika"]
[Black "Bako, Evelin"]
[Result "1-0"]
[ECO "C42"]
[WhiteElo "1404"]
[BlackElo "1192"]
[Annotator "NA RC"]
[PlyCount "87"]
[EventDate "2020.10.27"]
[EventType "swiss"]
[EventRounds "7"]
[EventCountry "GER"]
[SourceTitle "playchess.com"]
[Source "ChessBase"]
[SourceQuality "1"]
[TimeControl "40/5400+30:1800+30"]

1. e4 e5 2. Nf3 Nf6 3. Nxe5 d6 4. Nf3 Nxe4 5. d3 Nf6 6. d4 d5 7. Bd3 Nc6 8. h3 Be6 9. Bf4 Be7 10. O-O O-O 11. Nbd2 Nb4 12. Be2 Nc6 13. Bd3 Nb4 14. Be2 Bf5 15. c3 Nd3 16. Bh2 Nxb2 17. Qb3 Nc4 18. Nxc4 dxc4 19. Bxc4 b6 20. Ne5 Bg6 21. Rfe1 Bd6 22. Nc6 Bxh2+ 23. Kxh2 Qd6+ 24. Ne5 Rae8 25. Kg1 Ne4 26. Rxe4 Bxe4 27. Bxf7+ Kh8 28. Bxe8 Bd5 29. Qa4 Qf6 30. Rf1 Qg5 31. Ng4 h5 32. Ne3 Be6 33. Bd7 Bxd7 34. Qxd7 Qa5 35. Qe7 Rg8 36. Qf7 g6 37. Qf6+ Rg7 38. Nc4 Qxa2 39. Ne5 Kh7 40. Re1 Qd2 41. Nf3 Qxc3 42. Ng5+ Kh6 43. Re8 Qc1+ 44. Kh2 1-0

[Event "GER-ch Youth U12W 2020"]
[Site "Willingen"]
[Date "2020.10.31"]
[Round "7.16"]
[White "Moldovan, Tatiana"]
[Black "Khanbekyan, Nare"]
[Result "1-0"]
[ECO "B24"]
[WhiteElo "1516"]
[BlackElo "1329"]
[Annotator "NA RC"]
[PlyCount "73"]
[EventDate "2020.10.27"]
[EventType "swiss"]
[EventRounds "7"]
[EventCountry "GER"]
[SourceTitle "playchess.com"]
[Source "ChessBase"]
[SourceQuality "1"]
[TimeControl "40/5400+30:1800+30"]

1. e4 c5 2. Nc3 Nc6 3. Bb5 g6 4. Bxc6 bxc6 5. d3 Bg7 6. f4 d5 7. Nf3 f6 8. O-O e5 9. fxe5 fxe5 10. Ng5 Nf6 11. Nf3 Bg4 12. h3 Bxf3 13. Rxf3 O-O 14. exd5 cxd5 15. Bg5 Qd6 16. Qd2 Qb6 17. Bxf6 Bxf6 18. Nxd5 Qxb2 19. Raf1 Qd4+ 20. Ne3 Bg5 21. Rxf8+ Rxf8 22. Rxf8+ Kxf8 23. Qf2+ Ke7 24. Nc4 Qa1+ 25. Kh2 Qxa2 26. Qxc5+ Kf7 27. Nxe5+ Kg7 28. Qc7+ Kf8 29. Nd7+ Kf7 30. Nc5+ Kf8 31. Nb3 a6 32. d4 Qb2 33. d5 h6 34. Nc5 Bf6 35. Ne6+ Ke8 36. Qc8+ Kf7 37. Qf8# 1-0

[Event "GER-ch Youth U12W 2020"]
[Site "Willingen"]
[Date "2020.10.31"]
[Round "7.17"]
[White "Müller, Riyanna"]
[Black "Rosin, Ida"]
[Result "1-0"]
[ECO "B40"]
[WhiteElo "1460"]
[BlackElo "1387"]
[Annotator "NA RC"]
[PlyCount "59"]
[EventDate "2020.10.27"]
[EventType "swiss"]
[EventRounds "7"]
[EventCountry "GER"]
[SourceTitle "playchess.com"]
[Source "ChessBase"]
[SourceQuality "1"]
[TimeControl "40/5400+30:1800+30"]

1. e4 c5 2. Nf3 e6 3. c3 Nc6 4. d4 d5 5. exd5 exd5 6. Bb5 Bd7 7. O-O Bd6 8. dxc5 Bxc5 9. Qxd5 Be7 10. Nbd2 Nf6 11. Qd3 a6 12. Bc4 O-O 13. Ne4 b5 14. Bb3 Qc8 15. Bc2 g6 16. Bg5 Nxe4 17. Qxe4 Bf5 18. Qe2 Re8 19. Be3 a5 20. Rad1 Bxc2 21. Qxc2 Bf6 22. Rd2 Qe6 23. Rfd1 Rad8 24. a3 Rxd2 25. Rxd2 Bg5 26. Nxg5 Qe5 27. h3 Qe7 28. Nf3 Qf8 29. Rd5 Ne5 30. Nxe5 1-0

[Event "GER-ch Youth U12W 2020"]
[Site "Willingen"]
[Date "2020.10.31"]
[Round "7.18"]
[White "Modali, Nikhilamrutha"]
[Black "Heutling, Sarah"]
[Result "1-0"]
[ECO "C54"]
[WhiteElo "1193"]
[BlackElo "1197"]
[Annotator "NA RC"]
[PlyCount "75"]
[EventDate "2020.10.27"]
[EventType "swiss"]
[EventRounds "7"]
[EventCountry "GER"]
[SourceTitle "playchess.com"]
[Source "ChessBase"]
[SourceQuality "1"]
[TimeControl "40/5400+30:1800+30"]

1. e4 e5 2. Nf3 Nc6 3. Bc4 Bc5 4. c3 Nf6 5. d3 O-O 6. Nbd2 d5 7. exd5 Nxd5 8. O-O Bg4 9. Re1 Re8 10. Nf1 h6 11. h3 Bh5 12. Ng3 Bg6 13. Qb3 Nb6 14. Bb5 Na5 15. Qd1 c6 16. b4 cxb5 17. bxc5 Nd7 18. d4 exd4 19. Rxe8+ Qxe8 20. cxd4 Nc4 21. Nh4 Bh7 22. Ngf5 g6 23. Nxh6+ Kg7 24. Bf4 Nf6 25. Qf3 Nh5 26. Bg5 Qe6 27. g4 Nf6 28. Qxb7 Re8 29. Qxb5 a6 30. Qb7 Re7 31. Qf3 Rc7 32. Rd1 Nb2 33. Rb1 Nc4 34. Rb8 Na5 35. Rb6 Qe8 36. Qxf6+ Kf8 37. Qh8+ Bg8 38. Qxg8# 1-0

[Event "GER-ch Youth U12W 2020"]
[Site "Willingen"]
[Date "2020.10.31"]
[Round "7.19"]
[White "Woiteck, Helena"]
[Black "Hoffmann, Sophia"]
[Result "1/2-1/2"]
[ECO "D02"]
[WhiteElo "1092"]
[BlackElo "1345"]
[Annotator "NA RC"]
[PlyCount "93"]
[EventDate "2020.10.27"]
[EventType "swiss"]
[EventRounds "7"]
[EventCountry "GER"]
[SourceTitle "playchess.com"]
[Source "ChessBase"]
[SourceQuality "1"]
[TimeControl "40/5400+30:1800+30"]

1. d4 d5 2. Bf4 Nf6 3. Nf3 e6 4. e3 c5 5. Bb5+ Nc6 6. Ne5 Bd7 7. c3 Be7 8. Qa4 Nxe5 9. Bxe5 Bxb5 10. Qxb5+ Qd7 11. Qxd7+ Kxd7 12. Nd2 h5 13. c4 Ne8 14. h3 Nc7 15. Bxg7 Rhg8 16. Be5 Rxg2 17. Bg3 h4 18. Kf1 Rxg3 19. fxg3 hxg3 20. h4 Rg8 21. Kg2 Ne8 22. h5 Nf6 23. h6 b6 24. h7 Rh8 25. Raf1 Ke8 26. b3 Rxh7 27. Rxh7 Nxh7 28. Kxg3 Ng5 29. Nf3 Ne4+ 30. Kg2 Nc3 31. Ne5 Nxa2 32. Rxf7 Bg5 33. Rxa7 Nb4 34. Kf2 Nc2 35. Ng4 cxd4 36. exd4 Nxd4 37. Rg7 Bh4+ 38. Ke3 Nxb3 39. cxd5 exd5 40. Rb7 Bd8 41. Rb8 Kd7 42. Rb7+ Bc7 43. Nf6+ Kd6 44. Ne8+ Kd7 45. Nxc7 Na5 46. Nxd5+ Nxb7 47. Nxb6+ 1/2-1/2

[Event "GER-ch Youth U12W 2020"]
[Site "Willingen"]
[Date "2020.10.31"]
[Round "7.20"]
[White "Heuberger, Sandra"]
[Black "Marrufo, Emilia"]
[Result "0-1"]
[ECO "D10"]
[WhiteElo "1004"]
[BlackElo "788"]
[Annotator "NA RC"]
[PlyCount "124"]
[EventDate "2020.10.27"]
[EventType "swiss"]
[EventRounds "7"]
[EventCountry "GER"]
[SourceTitle "playchess.com"]
[Source "ChessBase"]
[SourceQuality "1"]
[TimeControl "40/5400+30:1800+30"]

1. d4 d5 2. c4 c6 3. Nc3 Nf6 4. Bg5 Ne4 5. Nxe4 dxe4 6. e3 g6 7. g3 Bg7 8. Bg2 Bf5 9. Ne2 O-O 10. O-O Nd7 11. Nc3 h6 12. Bf4 Nf6 13. Qb3 Qd7 14. Rad1 Rad8 15. Be5 Qe6 16. Bxf6 Bxf6 17. Rfe1 Rfe8 18. Ne2 Rd7 19. Nf4 Qd6 20. Qc2 e5 21. dxe5 Qxe5 22. Rxd7 Bxd7 23. b3 Bf5 24. Ne2 Re7 25. Qd2 Rd7 26. Qc2 b6 27. Nd4 Qa5 28. Rd1 Bxd4 29. Rxd4 Rxd4 30. exd4 Qe1+ 31. Bf1 Bh3 32. Qe2 Qxe2 33. Bxe2 Kf8 34. d5 cxd5 35. cxd5 Ke7 36. a4 a5 37. Bc4 f5 38. Bf1 Bxf1 39. Kxf1 g5 40. Ke2 f4 41. gxf4 gxf4 42. h3 Kd6 43. h4 Kxd5 44. h5 Kd4 45. f3 Ke5 46. Kf2 Kd4 47. Ke2 e3 48. Ke1 Kd3 49. Kd1 Kc3 50. Ke2 Kd4 51. Ke1 Ke5 52. Ke2 Kf5 53. Ke1 Kg5 54. Ke2 Kxh5 55. Ke1 Kh4 56. Ke2 Kg3 57. Ke1 Kxf3 58. Kf1 e2+ 59. Ke1 h5 60. Kd2 Kf2 61. Kd3 e1=Q 62. Kd4 Kg3 0-1